 Dungeon Crawl Stone Soup version 0.30-a0-870-gc5d4c5acee (webtiles) character file.

Game seed: 9111256924382124770

2146040 Axe the Ninja (level 27, 188/188 HPs)
             Began as a Kobold Hunter on Mar 11, 2023.
             Was the Champion of Dithmenos.
             Escaped with the Orb
             ... and 4 runes!
             The game lasted 02:18:05 (77043 turns).

Axe the Ninja (Kobold Hunter)                      Turns: 77043, Time: 02:18:06

Health: 188/188    AC: 37    Str:  9    XL:     27
Magic:  32/32      EV: 43    Int: 21    God:    Dithmenos [******]
Gold:   4919       SH:  5    Dex: 44    Spells: 26/26 levels left

rFire   + + +      SeeInvis +    a - +9 triple crossbow (freeze)
rCold   + . .      Faith    .    (shield currently unavailable)
rNeg    + + .      Spirit   .    s - +8 pearl dragon scales
rPois   +          Reflect  +    f - +3 crown of Dyrovepreva {rElec Int+2 SInv}
rElec   +          Rampage  .    c - +2 cloak {rCorr}
rCorr   +          NoCast   +    B - +1 pair of gloves "Looqapa" {-Cast rF+ rN+ Dex+9}
Will    +++..                    l - +1 pair of boots "Qomninn" {rF+ MP+9 Int+3}
Stlth   +++++++                  D - amulet of reflection
HPRegen 0.51/turn                Q - ring of the Insatiable Teeth {EV+5 Int+3 Dex+2}
MPRegen 0.23/turn                X - +6 ring of dexterity

@: resistant, flying, wreathed by umbra, studying 2 skills
A: small, no large weapons, nightstalker 3, talons 1, clumsy 1, strong-willed 1,
screaming 1
0: Orb of Zot
}: 4/15 runes: decaying, serpentine, slimy, silver
a: Renounce Religion, Shadow Step, Shadow Form


You escaped.
You worshipped Dithmenos.
Dithmenos was exalted by your worship.
You visited 11 branches of the dungeon, and saw 53 of its levels.
You visited the Abyss 1 time.
You also visited: Trove, Gauntlet, Ice Cave and Wizlab.

You collected 6695 gold pieces.
You spent 1776 gold pieces at shops.

Inventory:

Hand Weapons
 a - a +9 triple crossbow of freezing (weapon)
Missiles
 w - 6 throwing nets
Armour
 c - a +2 cloak of preservation (worn)
 f - the +3 crown of Dyrovepreva (worn) {rElec Int+2 SInv}
   (You found it in a treasure trove)

   Int:       It affects your intelligence (+2).
   rElec:     It insulates you from electricity.
   SInv:      It lets you see invisible.
 l - the +1 pair of boots "Qomninn" (worn) {rF+ MP+9 Int+3}
   (You found it in a treasure trove)

   Int:       It affects your intelligence (+3).
   rF:        It protects you from fire.
   MP:        It affects your magic capacity (+9).
 s - +8 pearl dragon scales (worn)
 B - the +1 pair of gloves "Looqapa" (worn) {-Cast rF+ rN+ Dex+9}
   (You found it on level 2 of the Vaults)

   Dex:       It affects your dexterity (+9).
   rF:        It protects you from fire.
   rN:        It protects you from negative energy.
   -Cast:     It prevents spellcasting.
Jewellery
 i - a ring of protection from fire
 D - an amulet of reflection (around neck)
 Q - the ring of the Insatiable Teeth (left hand) {EV+5 Int+3 Dex+2}
   (You found it in a Gauntlet)

   [ring of evasion]

   EV:        It affects your evasion (+5).
   Int:       It affects your intelligence (+3).
   Dex:       It affects your dexterity (+2).
 X - a +6 ring of dexterity (right hand)
Wands
 e - a wand of iceblast (22)
 g - a wand of mindburst (28)
 k - a wand of polymorph (14)
 u - a wand of digging (4)
 z - a wand of paralysis (42)
 E - a wand of flame (48)
 U - a wand of light (11)
Scrolls
 p - 5 scrolls of blinking
 q - 4 scrolls of fog
 y - 11 scrolls of teleportation
 C - 2 scrolls of amnesia
 H - 29 scrolls of identify
 I - 6 scrolls of fear
 K - 3 scrolls of butterflies
 M - 3 scrolls of silence
 S - 2 scrolls of magic mapping
 V - 4 scrolls of noise
 Z - 4 scrolls of brand weapon
Potions
 b - 2 potions of magic
 d - 11 potions of berserk rage
 h - 4 potions of cancellation
 j - 6 potions of brilliance
 n - 5 potions of heal wounds
 r - 15 potions of curing
 x - 6 potions of might
 A - 5 potions of flight
 F - 2 potions of mutation
 G - 5 potions of resistance
 L - 3 potions of ambrosia
 P - a potion of invisibility
Miscellaneous
 m - a box of beasts
 o - a piece from Xom's chessboard (15/15)
 t - a lightning rod (4/4)
 T - a phial of floods


   Skills:
 + Level 23.6 Fighting
 O Level 27 Ranged Weapons
 - Level 15.4 Armour
 * Level 25.7 Dodging
 O Level 27 Stealth
 + Level 19.5 Evocations


You had 26 spell levels left.
You didn't know any spells.
Your spell library contained the following spells:

 Spells                   Type           Power      Damage    Failure   Level
 Apportation              Tloc           0%         N/A       69%         1
 Foxfire                  Conj/Fire      0%         2x1d4     69%         1
 Freeze                   Ice            0%         1d3       69%         1
 Magic Dart               Conj           0%         1d3       69%         1
 Necrotise                Necr           0%         1d4       69%         1
 Shock                    Conj/Air       0%         1d3       69%         1
 Slow                     Hex            0%         N/A       69%         1
 Sting                    Tmut/Pois      0%         1d3       69%         1
 Summon Small Mammal      Summ           0%         N/A       69%         1
 Blink                    Tloc           0%         N/A       83%         2
 Ensorcelled Hibernation  Hex/Ice        0%         N/A       83%         2
 Lesser Beckoning         Tloc           0%         N/A       83%         2
 Momentum Strike          Conj/Tloc      0%         3d8       83%         2
 Passwall                 Tmut/Erth      0%         N/A       83%         2
 Poisonous Vapours        Pois/Air       0%         N/A       83%         2
 Searing Ray              Conj           0%         2d4       83%         2
 Static Discharge         Conj/Air       0%         2-2/arc   83%         2
 Call Canine Familiar     Summ           0%         N/A       96%         3
 Confusing Touch          Hex            0%         N/A       96%         3
 Dazzling Flash           Conj/Hex       0%         N/A       96%         3
 Frozen Ramparts          Ice            0%         1d1       96%         3
 Hailstorm                Conj/Ice       0%         3d3       96%         3
 Ignite Poison            Fire/Tmut/Pois 0%         N/A       96%         3
 Portal Projectile        Hex/Tloc       0%         N/A       96%         3
 Spider Form              Tmut/Pois      0%         N/A       96%         3
 Stone Arrow              Conj/Erth      0%         3d7       96%         3
 Summon Guardian Golem    Hex/Summ       0%         N/A       96%         3
 Swiftness                Air            0%         N/A       96%         3
 Tukima's Dance           Hex            0%         N/A       96%         3
 Vampiric Draining        Necr           0%         2d6       96%         3
 Airstrike                Air            0%         2d(0-16)  100%        4
 Anguish                  Hex/Necr       0%         N/A       100%        4
 Fulminant Prism          Conj/Hex       0%         3d5       100%        4
 Ice Form                 Ice/Tmut       0%         N/A       100%        4
 Iskenderun's Mystic Bla  Conj/Tloc      0%         2d3       100%        4
 Leda's Liquefaction      Hex/Erth       0%         N/A       100%        4
 Manifold Assault         Tloc           0%         N/A       100%        4
 Olgreb's Toxic Radiance  Pois           0%         N/A       100%        4
 Petrify                  Tmut/Erth      0%         N/A       100%        4
 Sticky Flame             Conj/Fire      0%         2d3       100%        4
 Summon Ice Beast         Ice/Summ       0%         N/A       100%        4
 Summon Lightning Spire   Summ/Air       0%         N/A       100%        4
 Alistair's Intoxication  Tmut/Pois      0%         N/A       100%        5
 Blade Hands              Tmut           0%         N/A       100%        5
 Fireball                 Conj/Fire      0%         3d3       100%        5
 Iskenderun's Battlesphe  Conj           0%         2d6       100%        5
 Lightning Bolt           Conj/Air       0%         1d11      100%        5
 Metabolic Englaciation   Hex/Ice        0%         N/A       100%        5
 Summon Mana Viper        Hex/Summ       0%         N/A       100%        5
 Conjure Ball Lightning   Conj/Air       0%         3x3d6     100%        6
 Eringya's Noxious Bog    Tmut/Pois      0%         N/A       100%        6
 Iron Shot                Conj/Erth      0%         9d1       100%        6
 Simulacrum               Ice/Necr       0%         N/A       100%        6
 Starburst                Conj/Fire      0%         6d3       100%        6
 Statue Form              Tmut/Erth      0%         N/A       100%        6
 Enfeeble                 Hex            0%         N/A       100%        7
 Orb of Destruction       Conj           0%         9d5       100%        7
 Ozocubu's Refrigeration  Ice            0%         4d7       100%        7
 Spellforged Servitor     Conj/Summ      0%         N/A       100%        7
 Storm Form               Tmut/Air       0%         N/A       100%        7
 Ignition                 Fire           0%         3d3       100%        8
 Lehudib's Crystal Spear  Conj/Erth      0%         10d2      100%        8
 Maxwell's Capacitive Co  Air            0%         ∞         100%        8
 Necromutation            Tmut/Necr      0%         N/A       100%        8
 Chain Lightning          Conj/Air       0%         N/A       100%        9
 Shatter                  Erth           0%         3d5*      100%        9


Dungeon Overview and Level Annotations

Branches:
Dungeon (15/15)            Temple (1/1) D:4            Lair (5/5) D:10
  Swamp (4/4) Lair:2        Snake (4/4) Lair:3        Slime (5/5) Lair:5
    Orc (2/2) D:10            Elf (3/3) Orc:2        Vaults (5/5) D:13
  Crypt (0/3) Vaults:3     Depths (4/4) D:15            Zot (5/5) Depths:4
  IceCv (visited)          WizLab (visited)         Gauntlet (visited)

Altars:
Ashenzari
Cheibriados
Dithmenos
Elyvilon
Fedhas
Gozag
Hepliaklqana
Kikubaaqudgha
Makhleb
Nemelex Xobeh
Okawaru
Qazlal
Ru
Sif Muna
Trog
Uskayaw
Vehumet
Wu Jian
Xom
Yredelemnul
Zin
The Shining One
Jiyva

Shops:
D:5 *   D:6 ?*   D:13 =   D:15 (   Orc:1 :   Orc:2 (*:!   Vaults:1 :
Depths:3 [   Depths:4 (:[[

Portals:
Hell: Depths:1 Depths:2 Depths:3 Depths:4
Abyss: Depths:3
Pandemonium: Orc:2 Depths:2
Ziggurat: Depths:1

Annotations:
D:3 2 transporters, demibob's ghost, amateur HOWn


Innate Abilities, Weirdness & Mutations

You are small and have problems with some larger weapons.
You are completely attuned to the shadows.
You have sharp toenails.
You are clumsy. (Dex -2)
You are strong-willed. (Will+)
You occasionally shout uncontrollably at your foes.


Message History

You kill the rust devil!
Dithmenos accepts your kill.
No target in view!
(D) Dungeon (T) Temple (L) Lair (S) Swamp (P) Snake Pit (M) Slime Pits (O) Orcish Mines (E) Elven Halls (V) Vaults (C) Crypt (U) Depths (H) Hell (Z) Zot
Where to? (Enter - D:1, ? - help)
There is a stone staircase leading up here.
You climb upwards.
Level annotation: 2 transporters, demibob's ghost, amateur HOWn
There is a stone staircase leading down here.
There is a stone staircase leading up here.
You climb upwards.
There is a stone staircase leading down here.
There is a stone staircase leading up here.
You climb upwards.
There is a stone staircase leading down here.
Okay, then.
A Hell Sentinel comes into view.
You feel protected.
You shoot a bolt. The bolt hits the Hell Sentinel!!!!
The Hell Sentinel is severely wounded.
You shoot a bolt. The bolt hits the Hell Sentinel!
The Hell Sentinel is severely wounded.
The Hell Sentinel completely misses you. x2
You shoot a bolt. The bolt hits the Hell Sentinel!!
The Hell Sentinel is almost dead.
Your shadow shoots a bolt.
The bolt hits the Hell Sentinel!
The Hell Sentinel completely misses you. x2
You shoot a bolt.
The bolt hits the Hell Sentinel but does no damage.
The Hell Sentinel is almost dead.
Your shadow shoots a bolt.
The bolt hits the Hell Sentinel.
You kill the Hell Sentinel!
Dithmenos accepts your kill.
You feel very buoyant.
You fly up into the air.
There is a large open door here.
There is a large open door here.
There is a large open door here.
There is a staircase leading out of the dungeon here.
You have escaped!

#...# #.# #~~~~~~~~~~~~≈~~~~~..
....# #.# #~..8..........8..~.#
>#### #.# #~.##############.~..
.# #.# #~8#.#.≈≈.#~~~~~#8~## .#
#.# #~.#.#§§§.#~...~#.~# .# #.#
#~.#.#.§≈.#~.#.~#.~# .# #.#
#~.#.#§§§.#~.#.~#8~##
.#######.####~.#.#.§§.#~.#.~#.~#.
.............~.#@'§§..'..#..'....
.#####.####.#~.#.'.§§.'..#..)....
.# #.........~.#.#.§§.#~.#.~#.~##
## #.....##.#~.#.#.§≈§#~.#.~#8~##
#.....##.#~.#.#.≈§.#~.#.~#.~##
########.#~.#.#.§≈.#~...~#.~##
######÷#~8#.#.≈§.#~~~~~#8~.#
##......#~.##############.~..
##......).~..8..........8..~..


There were no monsters in sight!

Vanquished Creatures
  Dissolution (Slime:4)
  the Royal Jelly (Slime:5)
  4 dread liches
  3 ancient liches
  4 orbs of fire (Zot:5)
  The ghost of strangelove the Metallomancer, a master GrEE of Vehumet (Depths:1)
  A juggernaut (Depths:1)
  Saint Roka (Depths:3)
  2 curse toes
  2 Killer Klowns (Zot:5)
  Jory (Vaults:2)
  A profane servitor (Abyss:3)
  Nikola (Vaults:1)
  4 golden dragons
  A bone dragon (Swamp:4)
  The ghost of jasper the Scorcher, an adept DsNe of Vehumet (Vaults:2)
  An electric golem (Zot:5)
  5 tentacled monstrosities
  Rupert (Lair:3)
  A Hell Sentinel (D:1)
  25 Orb Guardians
  3 deep elf blademasters
  2 liches
  2 deep elf master archers (Elf:3)
  2 quicksilver dragons (Vaults:5)
  35 acid blobs
  A death cob (Zot:5)
  3 tentacled starspawn (Abyss:3)
  Agnes (D:15)
  An ancient champion (Depths:1)
  3 sphinxes
  3 tengu reavers
  6 storm dragons
  10 nagarajas (Snake:4)
  5 shadow dragons
  2 draconian knights (Zot:5)
  5 fire giants
  21 rockslimes
  14 azure jellies
  17 vault wardens
  An iron dragon (Depths:2)
  6 frost giants
  8 deep elf sorcerers
  4 draconian scorchers
  3 ghouls (Swamp:4)
  Louise (D:15)
  A draconian shifter (Zot:4)
  9 war gargoyles
  16 very ugly things
  25 ironbound preservers
  A draconian annihilator (Zot:5)
  A reaper (Zot:5)
  2 draconian stormcallers
  2 deep elf elementalists (Elf:3)
  19 quicksilver oozes
  Nessos (D:12)
  9 ironbound thunderhulks
  12 stone giants
  26 dire elephants
  2 vampire knights
  7 deep elf demonologists
  5 green draconians
  2 black draconians
  16 purple draconians
  7 eleionomae
  6 deep elf annihilators
  A minotaur (Gauntlet)
  5 spark wasps
  4 red draconians
  3 white draconians
  A bunyip (Swamp:1)
  5 yellow draconians
  9 statues (WizLab)
  8 ettins
  A crystal guardian (Vaults:3)
  A merfolk javelineer (Depths:2)
  6 deep elf death magi
  An entropy weaver (Vaults:4)
  17 yaktaur captains
  4 shambling mangroves
  9 fire dragons
  8 deep elf high priests
  Fannar (Lair:3)
  6 great orbs of eyes
  2 peacekeepers
  42 vault guards
  Erolcha (D:12)
  2 rakshasas (Depths:1)
  2 salamander tyrants (Snake:4)
  12 hydras
  A hell beast (Gauntlet)
  4 ice dragons
  A jorogumo (shapeshifter) (Depths:4)
  3 demonspawn (Orc:2)
  12 ironbound frosthearts
  A catoblepas (Lair:1)
  12 anacondas
  3 spriggan air magi
  An ogre mage (Vaults:5)
  2 boulder beetles
  2 ghost crabs (Swamp:4)
  13 centaur warriors
  Erica (D:8)
  2 death knights (Vaults:3)
  23 dancing weapons (Elf:2)
  11 alligators
  4 two-headed ogres
  8 deep troll shamans
  A vampire mage (Depths:3)
  5 tengu warriors
  7 deep troll earth magi
  14 naga warriors
  7 spriggan berserkers
  7 orc high priests (Orc:2)
  9 naga sharpshooters
  3 thrashing horrors (Abyss:3)
  7 shock serpents
  18 spriggans
  Sonja (D:12)
  15 deep elf knights
  2 hell knights
  Nergalle (D:10)
  2 wretched stars (Abyss:3)
  Amaemon (Lair:3)
  2 spectral humans (Vaults:2)
  8 iron trolls
  A shadow wraith (Vaults:5)
  2 goliath frogs (Swamp:1)
  2 salamander mystics (Snake:4)
  3 sixfirhies
  A fire crab (Gauntlet)
  4 flayed ghosts
  A goliath frog (shapeshifter) (D:14)
  61 deep trolls
  10 sea snakes
  A spriggan druid (Swamp:2)
  15 deep elf archers
  5 glowing orange brains
  A deep troll (shapeshifter) (Vaults:2)
  7 bog bodies
  2 orange crystal statues (IceCv)
  10 lindwurms
  6 phantasmal warriors
  4 spectral hydras (Swamp:4)
  7 harpies
  4 naga ritualists
  7 orc knights
  30 ironbound convokers
  4 swamp dragons
  11 wizards
  3 necromancers
  2 oklob plants
  30 deep elf zephyrmancers
  36 deep elf pyromancers
  3 cyclopes
  42 ugly things
  21 salamanders
  A wolf spider (shapeshifter) (Vaults:2)
  4 orc sorcerers (Orc:2)
  A spectral boulder beetle (D:11)
  5 moths of wrath
  5 will-o-the-wisps
  2 manticores
  9 mana vipers
  4 shining eyes
  Maurice (Orc:2)
  12 elephants
  A worldbinder (Abyss:3)
  4 centaur zombies (D:11)
  2 rust devils
  11 apocalypse crabs
  Joseph (D:10)
  27 black mambas
  5 large abominations (Abyss:3)
  An eye of devastation (Slime:5)
  6 guardian serpents
  27 vault sentinels
  A black mamba (shapeshifter) (Vaults:5)
  17 naga magi
  An orange demon (Lair:3)
  2 spectral elves (Vaults:2)
  3 smoke demons (Abyss:3)
  13 cane toads
  5 torpor snails (Lair:5)
  7 rime drakes
  4 swamp worm zombies (Swamp:4)
  2 gargoyles
  2 kobold demonologists (D:12)
  An unseen horror (D:13)
  A komodo dragon (shapeshifter) (Elf:2)
  An ice devil (Orc:2)
  34 yaktaurs
  A red devil (Orc:2)
  15 tengu conjurers (WizLab)
  2 freezing wraiths
  11 komodo dragons
  2 efreet
  A spectral ogre (Vaults:2)
  9 trolls
  A meliai (shapeshifter) (Elf:1)
  An ancient zyme (Abyss:3)
  11 tyrant leeches
  3 hydra zombies (Swamp:4)
  A polar bear (Lair:3)
  Prince Ribbit (D:6)
  5 hellwings
  29 hornets
  A tengu simulacrum (Vaults:1)
  2 bloated husks (Swamp:4)
  14 blink frogs
  A meliai zombie (D:11)
  A raiju (Abyss:3)
  2 spectral swamp dragons (Swamp:4)
  6 alligator zombies (Swamp:4)
  A stone giant simulacrum (Vaults:2)
  2 spectral black mambas (D:11)
  78 slime creatures
  8 wraiths
  A ynoxinul (Zot:5)
  2 centaur simulacra (D:11)
  11 flying skulls
  6 air elementals
  3 shadows (D:11)
  23 yaks
  2 fire elementals
  2 vampires (D:11)
  7 fire bats
  3 wyverns
  Grum (D:8)
  9 basilisks
  8 starcursed masses (Abyss:3)
  7 humans (D:13)
  A steam dragon (D:8)
  15 vampire mosquitoes
  A neqoxec (Abyss:3)
  3 yaktaur simulacra (Vaults:2)
  2 chaos spawn
  Menkaure (D:6)
  9 wargs
  17 swamp worms
  14 water moccasins
  An acid dragon (shapeshifter) (Vaults:5)
  4 hell hounds
  35 nagas
  A floating eye (Depths:4)
  4 acid dragons (Lair:5)
  39 orc warriors
  A swamp drake (Swamp:1)
  5 small abominations (Abyss:3)
  4 great orb of eyes simulacra (IceCv)
  2 ice beasts
  2 boulder beetle simulacra (D:11)
  4 swamp dragon zombies (Swamp:4)
  A black mamba simulacrum (D:11)
  A tengu (shapeshifter) (Vaults:5)
  7 ogres
  6 wolves
  19 centaurs
  5 boggarts (Vaults:1)
  5 slime creature simulacra (IceCv)
  5 phantoms (Swamp:4)
  11 bullfrogs
  2 kobold brigands
  4 gnoll sergeants
  An earth elemental (Elf:3)
  A necrophage (Swamp:4)
  5 scorpions
  3 glowing shapeshifter simulacra
  13 wights
  An orc simulacrum (Vaults:1)
  5 electric eels
  A howler monkey (D:13)
  2 lava snakes (Snake:4)
  3 jellies (Lair:5)
  2 quasits (Abyss:3)
  2 hounds
  27 orc priests
  4 iguanas
  Terence (D:2)
  2 gnoll boudas (D:4)
  3 hell rats
  21 orc wizards
  5 adders
  31 gnolls
  A swamp drake zombie (Swamp:4)
  3 white imps
  6 ufetubi
  4 worms
  5 dart slugs
  92 orcs
  7 endoplasms
  3 giant cockroaches
  6 goblins
  5 hobgoblins
  7 jackals
  7 quokkas
  5 ball pythons
  4 bats
  4 frilled lizards
  22 kobolds
  6 rats
  A rat zombie (D:10)
  A bush (Depths:1)
  A starspawn tentacle (Abyss:3)
2162 creatures vanquished.

Vanquished Creatures (others)
  2 bloated husks
  A human (D:13)
  A vampire mosquito (Swamp:1)
  A bush (Lair:3)
  2 foxfires (Abyss:3)
  39 fungi
  100 plants
  2 starspawn tentacles (Abyss:3)
148 creatures vanquished.

Grand Total: 2310 creatures vanquished

Notes
Turn   | Place    | Note
-------+----------+-------------------------------------------
     0 | D:1      | Axe the Kobold Hunter began the quest for the Orb.
     0 | D:1      | Reached XP level 1. HP: 12/12 MP: 1/1
   129 | D:1      | Reached XP level 2. HP: 18/18 MP: 2/2
   340 | D:1      | Reached XP level 3. HP: 22/22 MP: 3/3
  1075 | D:2      | Reached XP level 4. HP: 27/27 MP: 4/4
  1508 | D:2      | Found a faded altar of an unknown god.
  1644 | D:2      | Noticed Terence
  1653 | D:2      | Killed Terence
  1767 | D:3      | Reached XP level 5. HP: 31/32 MP: 5/5
  1981 | D:3      | Found a transporter.
  1981 | D:3      | Noticed demibob's ghost (amateur HOWn)
  1987 | D:3      | Found a transporter.
  2186 | D:3      | Found an opulent altar of Gozag.
  2282 | D:3      | Found an iron altar of Okawaru.
  2575 | D:3      | Found a transporter.
  2575 | D:3      | Found a transporter.
  2970 | D:3      | Found an iron altar of Okawaru.
  3011 | D:3      | Found an opulent altar of Gozag.
  3233 | D:4      | Reached skill level 5 in Stealth
  3233 | D:4      | Reached XP level 6. HP: 21/37 MP: 6/6
  3472 | D:4      | You fall into a shaft and drop 3 floors!
  3679 | D:7      | Noticed an ice beast
  3805 | D:5      | Entered Level 5 of the Dungeon
  3869 | D:5      | Noticed an ogre
  3889 | D:4      | Reached XP level 7. HP: 34/42 MP: 7/7
  4323 | D:4      | Found a staircase to the Ecumenical Temple.
  4329 | Temple   | Entered the Ecumenical Temple
  4401 | Temple   | Became a worshipper of Dithmenos the Shadowed
  4700 | D:5      | Found an ornate altar of the Wu Jian Council.
  4905 | D:5      | Found Seada's Elemental Accessories.
  4910 | D:5      | Reached skill level 5 in Dodging
  4910 | D:5      | Reached XP level 8. HP: 48/48 MP: 8/8
  5138 | D:5      | Reached * piety under Dithmenos
  5183 | D:5      | Reached skill level 5 in Fighting
  5572 | D:5      | Found a snail-covered altar of Cheibriados.
  5612 | D:6      | Noticed a gargoyle
  5612 | D:6      | Found Utociuhu's Magic Scroll Shoppe.
  5621 | D:6      | Killed a gargoyle
  5621 | D:6      | Noticed Menkaure
  5624 | D:6      | Killed Menkaure
  5625 | D:6      | Reached XP level 9. HP: 54/54 MP: 9/9
  5727 | D:6      | Bought a scroll of identify for 24 gold pieces
  5727 | D:6      | Bought a scroll of identify for 24 gold pieces
  5727 | D:6      | Bought a scroll of identify for 24 gold pieces
  5727 | D:6      | Bought a scroll of identify for 24 gold pieces
  5727 | D:6      | Bought a scroll of enchant armour for 90 gold pieces
  5727 | D:6      | Bought a scroll of teleportation for 36 gold pieces
  5727 | D:6      | Bought a scroll of brand weapon for 114 gold pieces
  5829 | D:6      | Found Zin's Purification Station.
  5829 | D:6      | Found a glowing silver altar of Zin.
  5844 | D:6      | Noticed Prince Ribbit
  5855 | D:6      | Killed Prince Ribbit
  5856 | D:6      | Reached skill level 10 in Stealth
  5899 | D:6      | Found a white marble altar of Elyvilon.
  5950 | D:6      | Found a blossoming altar of Fedhas.
  6472 | D:6      | Found a stormy altar of Qazlal.
  6500 | D:6      | Found a sacrificial altar of Ru.
  7451 | D:7      | Reached skill level 1 in Evocations
  7925 | D:8      | Noticed Erica
  8060 | D:8      | Killed Erica
  8061 | D:8      | Reached XP level 10. HP: 44/61 MP: 10/10
  8183 | D:8      | Noticed Grum
  8199 | D:8      | Killed Grum
  8200 | D:8      | Reached skill level 5 in Evocations
  8383 | D:8      | Reached skill level 10 in Ranged Weapons
  8391 | D:8      | Reached ** piety under Dithmenos
  8996 | D:8      | Found a shimmering blue altar of Sif Muna.
  9196 | D:9      | Found a radiant altar of Vehumet.
  9681 | D:9      | Reached XP level 11. HP: 43/68 MP: 11/11
  9933 | D:10     | Entered Level 10 of the Dungeon
 10462 | D:10     | Noticed Nergalle
 10472 | D:10     | Killed Nergalle
 10543 | D:10     | Found a staircase to the Lair.
 10807 | D:10     | Found a hazy altar of Hepliaklqana.
 10938 | D:10     | Found an ancient bone altar of Kikubaaqudgha.
 11115 | D:10     | Reached *** piety under Dithmenos
 11283 | D:10     | Noticed Joseph
 11287 | D:10     | Killed Joseph
 11413 | D:10     | Found a staircase to the Orcish Mines.
 11811 | Lair:1   | Entered Level 1 of the Lair of Beasts
 12028 | Lair:1   | Noticed a catoblepas
 12042 | Lair:1   | Killed a catoblepas
 12153 | Lair:1   | Reached skill level 10 in Dodging
 12272 | Lair:1   | Reached XP level 12. HP: 76/76 MP: 12/12
 13408 | Lair:2   | Noticed an eight-headed hydra
 13536 | Orc:1    | Entered Level 1 of the Orcish Mines
 14180 | Orc:1    | Reached **** piety under Dithmenos
 14311 | Orc:1    | Found Urib's Book Shoppe.
 15048 | Orc:2    | Entered Level 2 of the Orcish Mines
 15048 | Orc:2    | Found a staircase to the Elven Halls.
 15207 | Orc:2    | Noticed Maurice
 15286 | Orc:2    | Killed Maurice
 15573 | Orc:2    | Reached skill level 10 in Fighting
 15799 | Orc:2    | Found Ystroshar's General Store.
 15801 | Orc:2    | Found Bethron's Distillery.
 15861 | Orc:2    | Bought a potion of heal wounds for 75 gold pieces
 15863 | Orc:2    | Bought a scroll of enchant armour for 127 gold pieces
 15863 | Orc:2    | Bought a lightning rod (4/4) for 510 gold pieces
 15879 | Orc:2    | Noticed an orc high priest
 15905 | Orc:2    | Noticed a two-headed ogre
 16231 | Orc:2    | Killed a two-headed ogre
 16717 | Orc:2    | Killed an orc high priest
 16718 | Orc:2    | Reached XP level 13. HP: 78/83 MP: 13/13
 16721 | Orc:2    | Reached ***** piety under Dithmenos
 16728 | Orc:2    | Reached skill level 15 in Ranged Weapons
 17449 | Orc:2    | Noticed a demonspawn
 17460 | Orc:2    | Killed a demonspawn
 17646 | Orc:2    | Noticed a demonspawn
 17774 | Orc:2    | Noticed a demonspawn
 18307 | Orc:2    | Killed a demonspawn
 18353 | Orc:2    | Killed a demonspawn
 18460 | Orc:2    | Found Xauqek's Book Shoppe.
 18460 | Orc:2    | Found Ifrip's Antique Weapon Emporium.
 18647 | Orc:2    | Found a one-way gate leading to the halls of Pandemonium.
 19806 | D:11     | Reached XP level 14. HP: 90/90 MP: 14/14
 20197 | D:11     | Reached skill level 15 in Stealth
 21000 | D:11     | Found a basalt altar of Yredelemnul.
 21126 | D:11     | Identified the +1 helmet of Iwucw {Contam rPois Dex+6 SInv}
 21150 | D:11     | Identified the +1 plate armour of Oblivion {Int+4}
 21166 | D:11     | Identified the +1 chain mail of Pickufig {rElec rPois
                  | rCorr}
 21361 | D:12     | Noticed Nessos
 21364 | D:12     | Killed Nessos
 21474 | D:12     | Found a gate leading to a gauntlet.
 21480 | Gauntlet | Entered a Gauntlet
 21480 | Gauntlet | Found a transporter.
 21493 | Gauntlet | Found a transporter.
 21505 | Gauntlet | Found a transporter.
 21510 | Gauntlet | Found a runed translucent door.
 21517 | Gauntlet | Found a transporter.
 21529 | Gauntlet | Found a transporter.
 21545 | Gauntlet | Found a transporter.
 21578 | Gauntlet | Found a runed translucent door.
 21617 | Gauntlet | Found a transporter.
 21633 | Gauntlet | Found a transporter.
 21647 | Gauntlet | Found a transporter.
 21665 | Gauntlet | Found a transporter.
 21675 | Gauntlet | Found a transporter.
 21711 | Gauntlet | Found a transporter.
 21721 | Gauntlet | Reached ****** piety under Dithmenos
 21736 | Gauntlet | Found a transporter.
 21739 | Gauntlet | Found a transporter.
 21744 | Gauntlet | Identified the ring of the Insatiable Teeth {EV+5 Int+3
                  | Dex+2}
 21855 | Gauntlet | Identified the +2 great sword of Zuycricaar {drain, rN+
                  | Will+ Stlth-}
 21855 | Gauntlet | Noticed a minotaur
 21862 | Gauntlet | Killed a minotaur
 21863 | Gauntlet | Reached skill level 1 in Armour
 22014 | D:12     | Noticed Erolcha
 22015 | D:12     | Killed Erolcha
 22091 | D:12     | Noticed Sonja
 22095 | D:12     | Killed Sonja
 22932 | D:13     | Found a hide-covered altar of Uskayaw.
 23015 | D:13     | Found Boviekk's Jewellery Shoppe.
 23021 | D:13     | Bought a +6 ring of dexterity for 468 gold pieces
 23032 | D:13     | Bought a ring of resist corrosion for 260 gold pieces
 23223 | D:13     | Reached XP level 15. HP: 96/97 MP: 15/15
 23314 | D:13     | Found a gate to the Vaults.
 24538 | D:15     | Entered Level 15 of the Dungeon
 24673 | D:15     | Found a glowing golden altar of the Shining One.
 24728 | D:15     | Noticed Louise
 24734 | D:15     | Killed Louise
 24735 | D:15     | Reached skill level 5 in Armour
 24869 | D:15     | Found a portal to a secret trove of treasure.
 25259 | D:15     | Found a staircase to the Depths.
 25369 | D:15     | Noticed Agnes
 25381 | D:15     | Killed Agnes
 25745 | D:15     | Found Jojempui's Weapon Boutique.
 25803 | D:15     | Identified the +1 leather armour "Hizuinwa" {*Corrode Drain
                  | rPois MP+9}
 26469 | Lair:2   | Found a staircase to the Swamp.
 27087 | Swamp:1  | Entered Level 1 of the Swamp
 27134 | Lair:3   | Found a staircase to the Snake Pit.
 27144 | Snake:1  | Entered Level 1 of the Snake Pit
 27151 | Snake:1  | Reached XP level 16. HP: 104/104 MP: 16/16
 27299 | Snake:1  | Reached skill level 15 in Dodging
 29935 | Snake:3  | Reached XP level 17. HP: 89/112 MP: 17/17
 29939 | Snake:3  | Paralysed by a naga ritualist for 2 turns
 30347 | Snake:3  | Found an ornate altar of the Wu Jian Council.
 31018 | Lair:3   | Noticed Amaemon
 31024 | Lair:3   | Killed Amaemon
 31233 | Lair:3   | Noticed Fannar
 31238 | Lair:3   | Killed Fannar
 31370 | Lair:3   | Noticed Rupert
 31373 | Lair:3   | Killed Rupert
 32686 | Lair:5   | Entered Level 5 of the Lair of Beasts
 32896 | Lair:5   | Found a runed translucent door.
 32990 | Lair:5   | Reached skill level 10 in Evocations
 33130 | Lair:5   | Reached skill level 15 in Fighting
 33777 | Lair:5   | Found a staircase to the Slime Pits.
 34223 | Swamp:1  | Reached XP level 18. HP: 119/119 MP: 18/18
 34279 | Swamp:1  | You fall into a shaft and drop 1 floor!
 35028 | Swamp:1  | Identified a scroll of acquirement
 35029 | Swamp:1  | Acquired a +7 triple crossbow of draining
 36239 | Swamp:4  | Entered Level 4 of the Swamp
 36492 | Swamp:4  | Found a frozen archway.
 36503 | IceCv    | Entered an ice cave
 36540 | IceCv    | Found the +2 Maxwell's thermic engine {flame, freeze}
 36880 | IceCv    | Identified the +0 pair of gloves "Hicesh" {*Slow Fly Str+2}
 36994 | IceCv    | Reached XP level 19. HP: 125/125 MP: 19/19
 37003 | IceCv    | Found a viscous altar of Jiyva.
 37013 | IceCv    | Got the ring "Xaith" {Ice rPois}
 37016 | IceCv    | Got the ring "Oguec" {rF- rC+ rCorr SInv}
 37018 | IceCv    | Identified the +1 leather armour of Chimes {Str-5 Int+7}
 37019 | IceCv    | Identified the +2 ring mail of Wefull {rElec}
 37535 | Swamp:4  | Noticed a bone dragon
 38026 | Swamp:4  | Killed a bone dragon
 38764 | Swamp:4  | Got a decaying rune of Zot
 38981 | Snake:4  | Entered Level 4 of the Snake Pit
 40755 | Snake:4  | Reached XP level 20. HP: 132/132 MP: 20/20
 40991 | Snake:4  | Got a serpentine rune of Zot
 41333 | Vaults:1 | Entered Level 1 of the Vaults
 41473 | Vaults:1 | Paralysed by a great orb of eyes for 4 turns
 41656 | Vaults:1 | Found Gazetirgh's Book Shop.
 42210 | Vaults:1 | Noticed Nikola
 42214 | Vaults:1 | Killed Nikola
 43849 | Vaults:2 | Reached XP level 21. HP: 140/140 MP: 21/21
 43872 | Vaults:2 | Noticed Jory
 44370 | Vaults:2 | Found a runed translucent gate.
 44370 | Vaults:2 | Found a runed translucent gate.
 44370 | Vaults:2 | Found a runed translucent gate.
 44819 | Vaults:2 | Killed Jory
 45507 | Vaults:2 | Identified the +1 rapier "Lybb" {elec, rN+ Will+ Str+4}
 46086 | Vaults:2 | Noticed jasper's ghost (adept DsNe)
 46106 | Vaults:2 | Killed jasper's ghost
 46231 | Vaults:2 | Identified the +1 pair of gloves "Looqapa" {-Cast rF+ rN+
                  | Dex+9}
 47111 | Vaults:3 | You fall into a shaft and drop 1 floor!
 47128 | Vaults:3 | Reached XP level 22. HP: 78/148 MP: 22/22
 47414 | Vaults:3 | Reached skill level 10 in Armour
 48592 | Vaults:3 | Found a staircase to the Crypt.
 49892 | Vaults:4 | Identified the +2 spear "Ultimatum" {vamp, Will+ Dex-3
                  | SInv}
 50518 | Vaults:5 | Entered Level 5 of the Vaults
 50701 | Vaults:4 | Reached XP level 23. HP: 75/155 MP: 23/23
 51127 | Elf:1    | Entered Level 1 of the Elven Halls
 51678 | Elf:1    | Got the Codex of Violence
 51947 | Elf:2    | Found a runed translucent gate.
 51947 | Elf:2    | Found a runed translucent gate.
 51947 | Elf:2    | Found a runed translucent gate.
 52073 | Elf:2    | Found a magical portal.
 52080 | WizLab   | Entered Iskenderun's Mystic Tower
 53070 | WizLab   | Got Iskenderun's Tractate on Trauma
 53070 | WizLab   | Got Iskenderun's Catalogue of Attacks
 53095 | WizLab   | Got the Volume of the Fair Folk
 54339 | Elf:3    | Entered Level 3 of the Elven Halls
 54343 | Elf:3    | Reached XP level 24. HP: 162/162 MP: 23/23
 54730 | Elf:3    | Identified the +2 crystal plate armour of Curiosity {rF+
                  | Will- Dex+5 Slay+3}
 54903 | Elf:3    | Paralysed by an air elemental for 1 turns
 54906 | Elf:3    | Paralysed by an air elemental for 1 turns
 54996 | Elf:3    | Identified the amulet "Poreacla" {Acrobat Regen+ Int+3}
 55267 | Elf:3    | Identified the +1 lajatang of the Real Monster {speed, rF+
                  | Int+3 Dex+3}
 55314 | Elf:3    | Reached skill level 27 in Stealth
 55326 | Elf:3    | Identified the +3 leather armour of Intercession {Dex+4}
 55377 | Elf:3    | Identified the quicksilver dragon scales of the Known World
                  | {Harm +Inv rC+ Will+ Dex-4}
 55523 | Elf:3    | Got Zianyz Vegh's Anthology of Volcanic Pestilence
 55564 | Elf:3    | Identified the +8 chain mail of the Trees {Rampage rCorr
                  | Str+3}
 55566 | Elf:3    | Reached skill level 27 in Ranged Weapons
 56097 | Slime:1  | Entered Level 1 of the Pits of Slime
 56965 | Slime:5  | Entered Level 5 of the Pits of Slime
 57703 | Slime:5  | Noticed the Royal Jelly
 58806 | Slime:4  | Noticed Dissolution
 58816 | Slime:4  | Gained mutation: You expend magic power (3 MP) to
                  | strengthen your wands. [a shining eye]
 58820 | Slime:4  | Killed Dissolution
 59156 | Slime:5  | Found a viscous altar of Jiyva.
 59335 | Slime:5  | Killed the Royal Jelly
 59336 | Slime:5  | Reached skill level 15 in Evocations
 59336 | Slime:5  | Reached XP level 25. HP: 79/170 MP: 18/23
 59693 | Slime:5  | Got a slimy rune of Zot
 59711 | Slime:5  | Identified the +0 pair of gloves of Light {rElec Will-
                  | Str+3 Int+2}
 59730 | Slime:5  | Identified the +7 sling of the Gibberer {flame, rC- Will+
                  | Int+2 Dex+2}
 59733 | Slime:5  | Identified the ring of Xiyliuda {Fly rCorr Str+4}
 59839 | Slime:5  | Identified the +4 scale mail "Xiysuxas" {rPois rC+ Regen+}
 59862 | Slime:5  | Identified the +6 long sword of Ancient Evil {spect, rN+}
 60433 | Depths:1 | Entered Level 1 of the Depths
 60868 | Depths:1 | Found a runed translucent door.
 61253 | Depths:1 | Noticed strangelove's ghost (master GrEE)
 61264 | Depths:1 | Found a one-way gateway to a ziggurat.
 61588 | Depths:1 | Found a gateway to Hell.
 61718 | Depths:1 | Found a runed translucent door.
 61719 | Depths:1 | Noticed a juggernaut
 61775 | Depths:1 | Killed strangelove's ghost
 61841 | Depths:1 | Got the Guide on Erosion
 61906 | Depths:1 | Killed a juggernaut
 62760 | Depths:3 | Noticed Saint Roka
 62765 | Depths:3 | Killed Saint Roka
 63336 | Abyss:2  | Cast into level 2 of the Abyss (an apocalypse crab)
 63368 | Abyss:2  | Found a corrupted altar of Lugonu.
 63368 | Abyss:2  | Found a corrupted altar of Lugonu.
 63368 | Abyss:2  | Found a corrupted altar of Lugonu.
 63409 | Abyss:3  | Found a corrupted altar of Lugonu.
 63660 | Abyss:3  | Gained mutation: You occasionally shout uncontrollably at
                  | your foes. [a neqoxec]
 63773 | Depths:3 | Escaped the Abyss
 63831 | Depths:3 | Reached XP level 26. HP: 178/178 MP: 23/23
 63841 | Depths:3 | Got Xoxi's Lessons on Doomed Gases
 63978 | Depths:3 | Found Jieqara's Antique Armour Boutique.
 64007 | Depths:3 | Found a one-way gate to the infinite horrors of the Abyss.
 64201 | Depths:4 | Entered Level 4 of the Depths
 64348 | Depths:4 | Reached skill level 15 in Armour
 64662 | Depths:4 | Found Cameec's Book Emporium.
 64665 | Depths:4 | Found Meyjuf's Antique Armour Shoppe.
 64665 | Depths:4 | Found Volonack's Weapon Emporium.
 64668 | Depths:4 | Found Esiyxaih's Antique Armour Shoppe.
 65056 | Depths:4 | Got the Vellum of the Lethal Assassin
 65467 | Depths:4 | Found a gate to the Realm of Zot.
 65673 | Zot:1    | Entered Level 1 of the Realm of Zot
 66133 | Vaults:4 | Identified the ring "Tosusin" {Dex+6 Stlth+}
 66301 | Vaults:5 | Noticed a dread lich
 66303 | Vaults:5 | Killed a dread lich
 66574 | D:15     | You paid a toll of a +7 demon blade to enter a treasure
                  | trove
 66575 | Trove    | Entered a treasure trove
 66584 | Trove    | Found the +3 crown of Dyrovepreva {rElec Int+2 SInv}
 66592 | Trove    | Identified the +6 plate armour of Bedevilment {+Inv Str+6
                  | Dex-3}
 66593 | Trove    | Identified the +1 crystal plate armour of Aklivao {rElec
                  | rF- rN+ Int+8}
 66594 | Trove    | Identified the +1 ring mail of Gaxussau {+Blink MP+9}
 66595 | Trove    | Identified the +1 pair of boots "Qomninn" {rF+ MP+9 Int+3}
 66610 | Trove    | Identified the -2 cloak "Guxe" {Dex+2}
 66615 | Trove    | Identified the +8 chain mail "Edwailun" {Stlth+}
 66636 | Trove    | Gained mutation: You are frail. (-10% HP) [mutagenic glow]
 66646 | Trove    | Identified the +3 plate armour of Hedge Wizardry {Will+
                  | Int+5}
 66654 | Trove    | Identified the -2 pair of gloves "Wafaech" {rPois rN+ Will-
                  | Int+6}
 66658 | Trove    | Identified the +2 cloak "Poriq" {Str+2}
 66664 | Trove    | Lost mutation: You occasionally shout uncontrollably at
                  | your foes. [potion of mutation]
 66664 | Trove    | Lost mutation: You are frail. (-10% HP) [potion of
                  | mutation]
 66664 | Trove    | Lost mutation: You expend magic power (3 MP) to strengthen
                  | your wands. [potion of mutation]
 66664 | Trove    | Gained mutation: You are vulnerable to heat. (rF-) [potion
                  | of mutation]
 66664 | Trove    | Gained mutation: You have sharp toenails. [potion of
                  | mutation]
 66664 | Trove    | Gained mutation: You are robust. (+10% HP) [potion of
                  | mutation]
 66665 | Trove    | Lost mutation: You are robust. (+10% HP) [potion of
                  | mutation]
 66665 | Trove    | Lost mutation: You have sharp toenails. [potion of
                  | mutation]
 66665 | Trove    | Gained mutation: You are very vulnerable to heat. (rF--)
                  | [potion of mutation]
 66665 | Trove    | Gained mutation: You are somewhat resistant to further
                  | mutation. [potion of mutation]
 66666 | Trove    | Lost mutation: You are somewhat resistant to further
                  | mutation. [potion of mutation]
 66666 | Trove    | Lost mutation: You are very vulnerable to heat. (rF--)
                  | [potion of mutation]
 66666 | Trove    | Gained mutation: Your spells are a little easier to cast,
                  | but a little less powerful. [potion of mutation]
 66666 | Trove    | Gained mutation: You are strong-willed. (Will+) [potion of
                  | mutation]
 66667 | Trove    | Lost mutation: Your spells are a little easier to cast, but
                  | a little less powerful. [potion of mutation]
 66667 | Trove    | Lost mutation: You are vulnerable to heat. (rF-) [potion of
                  | mutation]
 66667 | Trove    | Gained mutation: You are clumsy. (Dex -2) [potion of
                  | mutation]
 68059 | Vaults:5 | Reached XP level 27. HP: 186/186 MP: 23/23
 68638 | Vaults:5 | Found the amulet of Elemental Vulnerability {rPois rF--
                  | rC-- AC+8}
 68979 | Vaults:5 | Noticed an ancient lich
 68983 | Vaults:5 | Killed an ancient lich
 69026 | Vaults:5 | Got a silver rune of Zot
 69029 | Vaults:5 | Identified the +8 dagger "Qoal" {protect, rPois rC+ rCorr}
 70332 | Zot:5    | Entered Level 5 of the Realm of Zot
 70898 | Zot:5    | Noticed an ancient lich
 70917 | Zot:5    | Killed an ancient lich
 71256 | Zot:5    | Noticed a Killer Klown
 71263 | Zot:5    | Killed a Killer Klown
 72149 | Zot:5    | Noticed a dread lich
 72150 | Zot:5    | Noticed an orb of fire
 72151 | Zot:5    | Gained mutation: You have sharp toenails. [an orb of fire]
 72159 | Zot:5    | Noticed a dread lich
 72161 | Zot:5    | Noticed an orb of fire
 72164 | Zot:5    | Killed an orb of fire
 72164 | Zot:5    | Noticed an orb of fire
 72164 | Zot:5    | Noticed a Killer Klown
 72166 | Zot:5    | Noticed an orb of fire
 72174 | Zot:5    | Killed a dread lich
 72176 | Zot:5    | Killed an orb of fire
 72176 | Zot:5    | Gained mutation: You occasionally shout uncontrollably at
                  | your foes. [an orb of fire]
 72181 | Zot:5    | Killed a dread lich
 72185 | Zot:5    | Killed an orb of fire
 72190 | Zot:5    | Killed an orb of fire
 72512 | Zot:5    | Killed a Killer Klown
 72777 | Zot:5    | Noticed a dread lich
 72782 | Zot:5    | Killed a dread lich
 72850 | Zot:5    | Noticed an ancient lich
 72852 | Zot:5    | Killed an ancient lich
 74172 | Zot:5    | Noticed a dread lich
 76482 | Zot:5    | Got the Orb of Zot
 77043 | D:$      | Escaped with the Orb!

Illustrated notes

Levels and vault maps discovered:
D:1:      lightli_arrival_isolated_outpost, layout_rooms,
          serial_co_window_serial, co_window_paths_a, co_window_paths_b,
          co_window_paths_a, co_window_paths_a, co_window_of_opportunity_a,
          co_window_broadway_b, co_window_cross_2, co_window_of_opportunity_b,
          co_window_unsneaky_path_d, co_window_of_opportunity_b,
          co_window_corner_b, glass_columns_a
D:2:      layout_basic, chequers_ecumenical_altar_lobes, uniq_terence
D:3:      layout_rooms, okawaru_trees_2, mainiacjoe_overflow_surrounded_room,
          gammafunk_ghost_mausoleum
D:4:      layout_gridville, minmay_temple_entry_hall
D:5:      layout_gridville, overflow_temple_1_default, lemuel_crystal_altar,
          gup_sewer_entry_bowl, nicolae_elemental_shop
D:6:      layout_basic, mainiacjoe_overflow_tiny_flanked,
          mainiacjoe_overflow_six_doors_small, fedhas_altar_3,
          nicolae_elyvilon_temple_path, zin_purify, serial_shops,
          nicolae_stop_n_shop_1, kennysheep_generic_room_5, uniq_menkaure,
          uniq_prince_ribbit1
D:7:      layout_loops_corners
D:8:      layout_basic, kennysheep_mini, grunt_decor_junction, uniq_grum,
          uniq_erica
D:9:      layout_roguey, vehumet_altar_wand_db
D:10:     layout_basic, lemuel_zombie_altar_kikubaaqudgha, kennysheep_mini_moat,
          lair_entry_dummy, david_orc_1_choice, roderic_lattice_a, uniq_joseph,
          uniq_nergalle
D:11:     lemuel_vampire_tower, layout_loops_corners
D:12:     layout_cave_pods, gauntlet_entry_generic,
          minmay_fractal_squares_diagonal_5, uniq_erolcha, uniq_sonja,
          uniq_nessos
D:13:     layout_layer_cave, ximxim_vaults_locker_room, serial_shops,
          kennysheep_little_box, nicolae_uskayaw_en_pointe
D:14:     layout_roguey, kennysheep_crisscross
D:15:     hangedman_depths_entry_civil_slaughter, layout_loops_ring,
          serial_shops, nicolae_shop_bloodbath_and_beyond,
          grunt_decor_mini_mirrors, enter_trove_1,
          nicolae_tso_swordbearing_angel, uniq_agnes, uniq_louise
Temple:   dpeg_three_leaves_temple
Lair:1:   layout_regular_city, infiniplex_staircase_pool_2,
          serial_bayou_shore_b, grunt_megastairs_2, lemuel_fruit_tree
Lair:2:   layout_gridlike, swamp_mist, serial_bayou_shore_b, grunt_megastairs_3
Lair:3:   layout_loops_ring, dummy_snake_entry, uniq_fannar, uniq_rupert,
          uniq_amaemon
Lair:4:   layout_roguey
Lair:5:   guppyfry_lair_end_dragon, layout_regular_city, wormcave,
          nicolae_slime_entry_field_trip, grunt_megastairs_5
Swamp:1:  layout_basic_swamp, evilmike_swamp_ruin_house_3
Swamp:2:  layout_basic_swamp, evilmike_swamp_ruin_house_1
Swamp:3:  nicolae_swamp_wrong_neighborhood, layout_basic_swamp,
          nicolae_swamp_feature_on_the_river_bank
Swamp:4:  swamp_pestilence, layout_basic_swamp, portal_ice_cave_entry_dragon
Snake:1:  layout_basic
Snake:2:  layout_concentric_octagons, serial_bayou_lake_a
Snake:3:  layout_gridlike, lemuel_oklob_altar
Snake:4:  grunt_snake_rune_pools, layout_basic, serial_bayou_shore_b
Slime:1:  layout_caves, cheibrodos_slime_lost_civilization_4
Slime:2:  layout_caves, basic_altar
Slime:3:  layout_caves
Slime:4:  layout_caves, nicolae_slime_phagocytosis, uniq_dissolution
Slime:5
Orc:1:    layout_caves, basic_altar, serial_shops, shop, nicolae_orc_damp_corner
Orc:2:    pf_orc_diabolical, layout_caves, uniq_maurice
Elf:1:    layout_gridlike, minmay_elf_annihilation
Elf:2:    nicolae_elf_blades_splatter_lattice [infiniplex_blade_entry_pillars],
          layout_geoelf_diagonals, mu_enter_wizlab_4
Elf:3:    elf_hall_gauntlet_narrow, layout_geoelf_grid
Vaults:1: ontoclasm_vaults_bender, nicolae_vaults_octagons,
          nicolae_vaults_little_squares_4, vaults_room_hallway,
          nicolae_vaults_rhombus_5, nicolae_vaults_network_quinsquares
          [nicolae_vaults_network_quincunx_subvault,
          nicolae_vaults_network_quincunx_subvault,
          nicolae_vaults_network_quincunx_subvault,
          nicolae_vaults_network_quincunx_subvault], v_misc_8,
          nicolae_vaults_sealed_display, v_misc_27, v_pattern_3,
          hangedman_vaults_unwind, vaults_dpeg_diagonal, vaults_room_pools,
          vaults_room_boxed, layout_vaults_maze, serial_shops, shop, uniq_nikola
Vaults:2: gammafunk_ghost_necromancy, v_misc_30, vaults_room_door_hall,
          dpeg_vaults_waves, v_misc_14, vaults_mumra_minichess, v_misc_2,
          hangedman_vaults_variations, nicolae_vaults_network_quincunx
          [nicolae_vaults_network_quincunx_subvault,
          nicolae_vaults_network_quincunx_subvault,
          nicolae_vaults_network_quincunx_subvault,
          nicolae_vaults_network_quincunx_subvault,
          nicolae_vaults_network_quincunx_subvault], vaults_dpeg_ring,
          layout_vaults_omnigrid, uniq_jory
Vaults:3: nicolae_vaults_meeting, vaults_mumra_minichess_inversion,
          vaults_room_pool, vaults_room_semicircle, blue_anna_dwarven_crypt,
          nicolae_vaults_border_crossing, v_pattern_2, v_misc_4, v_misc_13,
          ontoclasm_vaults_gateway, nicolae_vaults_yaktaur_gun_rack,
          hangedman_vaults_corner, ontoclasm_vaults_decontamination,
          layout_vaults_omnibox
Vaults:4: nicolae_vaults_little_squares_4, v_alt_pattern_1, v_alt_pattern_3,
          ontoclasm_vaults_idyll, vaults_room_semicircle,
          nicolae_vaults_network_star, v_misc_12, hangedman_vaults_nails,
          v_misc_28, nicolae_vaults_specimen_jars, nicolae_vaults_triangles,
          ontoclasm_vaults_eye, vaults_room_hangedman_quadrants,
          nicolae_vaults_rhombus_6, v_misc_16, layout_vaults_omnicross
Vaults:5
Depths:1: layout_cave_shapes, enter_ziggurat_f, hellmonk_ghost_big_iron,
          hell_entry, chequers_serial_rivers_micro_a, wad_hexagon
Depths:2: kennysheep_big_flooded_room, layout_twisted_cross, pan_entry,
          nrook_pool_corridor, hell_entry, kennysheep_donut
Depths:3: gammafunk_mikee_crab_dinner, layout_cave_pools,
          grunt_hell_entry_dis_old, serial_shops, shop, serial_column_ruins,
          column_ruins_hut_pillars, column_ruins_hut, column_ruins_grid_1,
          column_ruins_open_medium, column_ruins_open_medium_water,
          column_ruins_columns_straight, abyss_entry_small_statue_room,
          minmay_staircase_bubble, uniq_saint_roka
Depths:4: grunt_zot_entry_gee_three, layout_honeycomb, hell_entry,
          serial_bayou_shore_b, minmay_shoptagon
Zot:1:    layout_concentric_octagons
Zot:2:    layout_basic
Zot:3:    layout_basic
Zot:4:    layout_gridlike
Zot:5:    layout_basic

Skill      XL: |  1  2  3  4  5  6  7  8  9 10 11 12 13 14 15 16 17 18 19 20 21 22 23 24 25 26 27 |
---------------+----------------------------------------------------------------------------------+-----
Stealth        | 2 3 4 5 6 7 9 11 12 13 14 16 18 20 21 22 23 24 25 26 27 | 27.0
Dodging        | 3 4 5 6 7 8 10 11 12 13 14 15 16 17 18 19 20 21 23 25 | 25.7
Fighting       | 3 4 5 6 8 9 10 11 12 13 14 15 16 17 18 19 20 21 22 23 | 23.6
Ranged Weapons | 6 7 8 9 10 12 14 16 18 19 20 21 22 23 24 26 27 | 27.0
Evocations     | 4 7 8 9 10 11 12 13 15 16 17 19 | 19.5
Armour         | 3 5 7 9 11 14 15 | 15.4

Action                     |  1- 3 |  4- 6 |  7- 9 | 10-12 | 13-15 | 16-18 | 19-21 | 22-24 | 25-27 || total
---------------------------+-------+-------+-------+-------+-------+-------+-------+-------+-------++-------
   Fire: Shortbow          |    83 |   181 |   247 |   466 |       |       |       |       |       ||   977
         Arbalest          |       |       |       |   232 |   522 |   581 |       |       |       ||  1335
         Triple crossbow   |       |       |       |       |       |   220 |   808 |   898 |   962 ||  2888
  Evoke: Wand              |       |       |    13 |     8 |     3 |       |     2 |     5 |    11 ||    42
         Lightning rod     |       |       |       |     4 |     3 |       |       |       |       ||     7
         Phial of floods   |       |       |       |       |       |       |       |       |     1 ||     1
    Use: Potion            |       |     1 |     2 |     3 |     7 |     4 |     6 |    10 |    20 ||    53
         Scroll            |       |     1 |    10 |    29 |     6 |     9 |    12 |    12 |    19 ||    98
 Armour: Leather armour    |     6 |    27 |    22 |     7 |       |       |       |       |       ||    62
         Steam dragon scal |       |       |       |    73 |   112 |    68 |    35 |       |       ||   288
         Pearl dragon scal |       |       |       |       |       |       |   110 |   199 |   170 ||   479
  Dodge: Dodged            |    29 |   105 |   150 |   573 |   713 |   974 |  1276 |  1070 |  1282 ||  6172
  Block: Other             |       |       |       |       |       |       |       |   155 |   175 ||   330
         Reflection        |       |       |       |       |       |       |       |    17 |     3 ||    20

Table legend: (Time is in decaauts)
 A = Elapsed time spent in this place.
 B = Non-inter-level travel time spent in this place.
 C = Inter-level travel time spent in this place.
 D = Time resting spent in this place.
 E = Time spent auto-exploring this place.
 F = Levels seen in this place.
 G = Mean time per level.
                   A        B        C        D        E       F      G
               +--------+--------+--------+--------+--------+-----+--------+
         Total |  79168 |  74108 |   5060 |  27460 |  30211 |  59 | 1341.8 |
       Dungeon |  20667 |  18452 |   2215 |   4251 |  10251 |  15 | 1377.8 |
        Temple |     84 |     73 |     11 |      0 |     56 |   1 |   84.0 |
          Lair |   6330 |   5635 |    695 |    744 |   3944 |   5 | 1266.0 |
         Swamp |   4600 |   4415 |    185 |   1154 |   2193 |   4 | 1150.0 |
     Snake Pit |   6329 |   5992 |    337 |   2097 |   2690 |   4 | 1582.2 |
    Slime Pits |   3898 |   3706 |    192 |   1911 |    639 |   5 |  779.6 |
  Orcish Mines |   5439 |   5360 |     79 |   3179 |    675 |   2 | 2719.5 |
   Elven Halls |   3773 |   3531 |    242 |   1357 |   1483 |   3 | 1257.7 |
        Vaults |  13465 |  12727 |    738 |   5951 |   4654 |   5 | 2693.0 |
        Depths |   5169 |   4809 |    360 |   1028 |   2983 |   4 | 1292.2 |
           Zot |   6632 |   6631 |      1 |   4906 |    493 |   5 | 1326.4 |
         Abyss |    463 |    463 |      0 |      0 |     22 |   2 |  231.5 |
         Trove |     96 |     96 |      0 |     18 |      0 |   1 |   96.0 |
      Ice Cave |    611 |    611 |      0 |    160 |      2 |   1 |  611.0 |
        Wizlab |   1095 |   1095 |      0 |    630 |     44 |   1 | 1095.0 |
      Gauntlet |    511 |    511 |      0 |     69 |     78 |   1 |  511.0 |
               +--------+--------+--------+--------+--------+-----+--------+

Top non-repeatable levels by time:
   Zot:5: 5982 daAuts
   Orc:2: 3787 daAuts
Vaults:2: 3456 daAuts
Vaults:5: 3039 daAuts
    D:10: 2733 daAuts
Vaults:4: 2640 daAuts
Vaults:1: 2327 daAuts
    D:11: 2223 daAuts
 Swamp:4: 2149 daAuts
 Snake:4: 2114 daAuts
Vaults:3: 2001 daAuts
 Snake:3: 1883 daAuts
    D:15: 1795 daAuts
    D:13: 1689 daAuts
   Orc:1: 1652 daAuts
